 Dungeon Crawl Stone Soup version 0.19-a0-46-g8690a2b (webtiles) character file.

81 Jeelzebub the Chiller (level 4, -2/30 HPs)
             Began as a Human Ice Elementalist on May 5, 2016.
             Slain by an orc
             ... wielding a +0 war axe
              (13 damage)
             ... on level 3 of the Dungeon.
             The game lasted 00:03:35 (2659 turns).

Jeelzebub the Chiller (Human Ice Elementalist)      Turns: 2659, Time: 00:03:36

Health: -2/30      AC:  1    Str:  6 (8)  XL:     4   Next: 67%
Magic:  7/7        EV:  7    Int: 16      God:
Gold:   88         SH:  0    Dex: 14      Spells: 3 memorised, 1 level left

rFire  . . .     SeeInvis .     (no weapon)
rCold  . . .     Gourm    .     a - +0 robe
rNeg   . . .     Faith    .     (no shield)
rPois  .         Spirit   .     (no helmet)
rElec  .         Dismiss  .     (no cloak)
rCorr  .         Reflect  .     (no gloves)
SustAt .         Harm     .     (no boots)
MR     +....     Clarity  +     (no amulet)
Stlth  ++........               (no ring)
                                (no ring)

@: somewhat resistant to hostile enchantments, unstealthy
A: blurry vision 1, clarity, deformed body, deterioration 1, magic resistance 1,
screaming 1
a: no special abilities


You were on level 3 of the Dungeon.
You were not hungry.

You visited 1 branch of the dungeon, and saw 3 of its levels.

You collected 88 gold pieces.

Inventory:

Hand Weapons
 g - a +2 hunting sling of velocity
   (You took it off a kobold on level 1 of the Dungeon)
Armour
 a - a +0 robe (worn)
Jewellery
 h - a +3 amulet of reflection {unknown}
   (You took it off a kobold on level 1 of the Dungeon)
Scrolls
 d - a scroll of identify {unknown}
 e - 2 scrolls of amnesia {unknown}
 f - a scroll of immolation {unknown}
 j - a scroll of enchant weapon {unknown}
 k - 2 scrolls of remove curse {unknown}
 l - a scroll of fear {unknown}
 n - a scroll of fog {unknown}
Potions
 i - a potion of flight {unknown}
 m - a potion of brilliance {unknown}
 p - a potion of might {unknown}
 q - a potion of lignification {unknown}
Books
 b - a book of Frost
Comestibles
 c - 3 bread rations {@e1}
 o - a meat ration {@e2}
 r - 2 chunks of flesh {@w0}


   Skills:
 - Level 2.0 Dodging
 - Level 2.2 Stealth
 - Level 2.3 Spellcasting
 - Level 1.0 Conjurations
 + Level 4.7 Ice Magic


You had one spell level left.
You knew the following spells:

 Your Spells              Type           Power        Failure   Level  Hunger
a - Freeze                Ice            ###.         3%          1    #......
x - Throw Frost           Conj/Ice       ##....       12%         2    ###....
A - Ozocubu's Armour      Chrm/Ice       #.......     28%         3    ###....


Dungeon Overview and Level Annotations

Branches:
Dungeon (3/15)

Altars:
Xom


Innate Abilities, Weirdness & Mutations

Scrolls take you a little longer to read.
You possess an exceptional clarity of mind.
Armour fits poorly on your strangely shaped body.
Your body sometimes deteriorates upon taking damage.
You are resistant to hostile enchantments.
You occasionally shout uncontrollably at your foes.


Message History

The kobold shouts!
A rat comes into view.
There are monsters nearby!
Aim: a rat You freeze the rat.
You kill the rat!
You now have 6/7 mp.
Aim: a kobold You freeze the kobold.
The kobold misses you.
You now have 5/7 mp.
Aim: a kobold (severely wounded)
You freeze the kobold.
You kill the kobold!
You now have 4/7 mp.
Memorise Ozocubu's Armour, consuming 3 spell levels and leaving 1?
You start memorising the spell.
You continue memorising. x3
You finish memorising.
Spell assigned to 'A'.
Things that are here:
a kobold corpse; a rat corpse A kobold comes into view.
It is wielding a short sword.
A kobold is nearby!
A kobold is nearby!
A kobold is nearby!
A kobold is nearby!
A kobold is nearby!
Things that are here:
a kobold corpse; a rat corpse
Aim: a kobold, wielding a short sword You freeze the kobold.
You kill the kobold!
You now have 4/7 mp.
Things that are here:
a short sword; a kobold corpse
Things that are here:
a kobold corpse; a rat corpse You are feeling very hungry.
A ball python comes into view.
A ball python is nearby!
A ball python is nearby!
A ball python is nearby!
You barely miss the ball python. The ball python closely misses you.
The ball python grabs you. The ball python constricts you.
You take 1 damage, and have 29/30 hp.
Aim: a ball python (constricting you)
You freeze the ball python.
You kill the ball python!
A rat comes into view.
You see here a ball python corpse.
A rat is nearby!
A rat is nearby!
Aim: a rat (resting)
You freeze the rat.
You kill the rat!
You now have 5/7 mp.
Done exploring.
Done exploring.
Unknown command.
Health restored: 30 You see here a ball python corpse.
You butcher the ball python corpse.
r - 3 chunks of flesh {@w0} You see here a ball python skeleton.
(D) Dungeon
Where to? (Enter - D:2, ? - help)
What level of the Dungeon? (default 1, ? - help) Eating one of 3 chunks of flesh {@w0}.
You continue eating. x2
There is a stone staircase leading down here.
You climb downwards.
A rat comes into view.
Found a stone staircase leading up.
There is a stone staircase leading up here.
MP restored: 7 A rat is nearby!
A rat is nearby!
The helpless rat fails to defend itself.
You hit the rat.
You kill the rat!
There is a stone staircase leading up here.
A dart slug comes into view.
You shout at the dart slug!
You hear a shout! x2
An orc priest comes into view. It is wielding a dagger.
There are monsters nearby!
There are monsters nearby!
There are monsters nearby!
An orc comes into view. It is wielding a war axe.
An orc wizard comes into view. It is wielding a dagger.
You shout at the orc wizard!
You hear a shout!
You start waiting.
The orc priest looks braver for a moment.
The orc hits you with a war axe!
You take 7 damage, and have 23/30 hp.
MASSIVE DAMAGE!!
There is a stone staircase leading up here.
The orc priest calls down the wrath of Beogh upon you.
Beogh smites you! The orc hits you with a war axe!
You die...

#... ####...
.....# ### .....#
#.# #.#..# #.#
#.#..#
#.####.#..##
#..o.o...<.#
#.####@#.........
#.##.............
#.##.#.#.........
#o##...#..#####..
#..#...#..# .
#..#...#..#
#......#..#
#.........
......w.#.


You could see an orc priest and an orc.

Vanquished Creatures
  Ijyb (D:2)
  An adder (D:2)
  An ooze (D:1)
  A dart slug (D:2)
  2 giant geckos
  A giant cockroach (D:2)
  3 hobgoblins
  5 jackals (D:2)
  6 kobolds
  A ball python (D:2)
  4 bats
  2 giant newts (D:1)
  3 goblins
  10 rats
41 creatures vanquished.

Notes
Turn   | Place    | Note
--------------------------------------------------------------
     0 | D:1      | Jeelzebub the Human Ice Elementalist began the quest for the Orb.
     0 | D:1      | Reached XP level 1. HP: 13/13 MP: 3/3
   713 | D:1      | Reached XP level 2. HP: 9/19 MP: 0/5
  1040 | D:1      | Learned a level 2 spell: Throw Frost
  1545 | D:2      | Reached XP level 3. HP: 23/24 MP: 4/6
  1743 | D:2      | Noticed Ijyb
  1755 | D:2      | Gained mutation: Scrolls take you a little longer to read. [potion of mutation]
  1755 | D:2      | Gained mutation: Armour fits poorly on your strangely shaped body. [potion of mutation]
  1755 | D:2      | Gained mutation: You are resistant to hostile enchantments. [potion of mutation]
  1950 | D:2      | Killed Ijyb
  1950 | D:2      | Reached skill level 4 in Ice Magic
  1950 | D:2      | Reached XP level 4. HP: 24/30 MP: 0/7
  2097 | D:2      | Found a shimmering altar of Xom.
  2114 | D:2      | Gained mutation: You occasionally shout uncontrollably at your foes. [potion of mutation]
  2114 | D:2      | Gained mutation: You possess an exceptional clarity of mind. [potion of mutation]
  2114 | D:2      | Gained mutation: Your body sometimes deteriorates upon taking damage. [potion of mutation]
  2554 | D:2      | Learned a level 3 spell: Ozocubu's Armour
  2659 | D:3      | Slain by an orc

Vault maps used:
D:1:      minmay_arrival_jagged
D:2:      lemuel_crystal_altar, first_bread, uniq_iyjb
D:3:      ecumenical_altar_2, minmay_close_crescents, uniq_sigmund

Skill      XL: |  1  2  3 |
---------------+----------+-----
Ice Magic      | 4 |  4.7
Dodging        | |  2.0
Stealth        | |  2.2
Spellcasting   | |  2.3
Conjurations   | |  1.0

Action                   |  1- 3 |  4- 6 || total
-------------------------+-------+-------++-------
Melee: Unarmed           |    38 |    13 ||    51
 Cast: Freeze            |    38 |    17 ||    55
       Throw Frost       |     4 |       ||     4
  Use: Potion            |     2 |     1 ||     3
 Stab: Sleeping          |     1 |     1 ||     2
  Eat: Chunk             |     3 |     3 ||     6
Armor: Robe              |    13 |       ||    13
Dodge: Dodged            |    54 |    14 ||    68

Vault maps used:
D:1:      minmay_arrival_jagged
D:2:      lemuel_crystal_altar, first_bread, uniq_iyjb
D:3:      ecumenical_altar_2, minmay_close_crescents, uniq_sigmund

Table legend:
 A = Turns spent in this place as a percentage of turns spent in the entire game.
 B = Non-inter-level travel turns spent in this place as a percentage of non-inter-level travel turns spent in the entire game.
 C = Inter-level travel turns spent in this place as a percentage of turns spent in this place.
 D = Turns resting spent in this place as a percentage of non-inter-level travel turns spent in this place.
 E = Turns spent auto-exploring this place as a percentage of non-inter-level travel turns spent in this place.
 F = Non-inter-level travel turns spent in this place divided by the number of levels of this place that you've seen.
                   A       B       C       D       E      F
               +-------+-------+-------+-------+-------+----------------------
         Total | 100.0 | 100.0 |   0.4 |   6.7 |  10.7 | 168.7
       Dungeon | 100.0 | 100.0 |   0.4 |   6.7 |  10.7 | 168.7
               +-------+-------+-------+-------+-------+----------------------

Table legend:
 A = Kills in this place as a percentage of kills in entire the game.
 B = Kills by you in this place as a percentage of kills by you in the entire game.
 C = Kills by friends in this place as a percentage of kills by friends in the entire game.
 D = Other kills in this place as a percentage of other kills in the entire game.
 E = Experience gained in this place as a percentage of experience gained in the entire game.
 F = Experience gained in this place divided by the number of levels of this place that you have seen.
                   A       B       C       D       E      F
               +-------+-------+-------+-------+-------+----------------------
         Total | 100.0 | 100.0 |  -nan |  -nan | 100.0 |  38.7
       Dungeon | 100.0 | 100.0 |  -nan |  -nan | 100.0 |  38.7
               +-------+-------+-------+-------+-------+----------------------
